AoeStats
← Joaking

Black Forest

508057349Analyzed
4v4 RM · 11d ago on Sep 20, 2026· 46m 38s· 8 players
Game mode
Random Map
Map size
Large (8 player)
Population
200
Speed
Normal
Resources
Standard
Victory
Conquest
Starting age
Dark Age
Ending age
Imperial Age
RankedLock teamsTeams togetherTeam positionsShared explorationLock speedFull tech treeHidden civsTurbo modeCheats
Victory
Defeat
🇪🇸 Bohemians · Spain
1109
+11
🇪🇸 Britons · Spain
1065
+13
🇨🇱 Saracens · Chile
1037
+14
🇧🇷 Franks · Brazil
953
+16
🇩🇪 Khmer · Germany
1036
-16
🇹🇷 Wei · Türkiye
983
-13
🇨🇿 Spanish · Czechia
983
-13
🇨🇴 Britons · Colombia
958
-12
luismjchan
0:28 Loom
10:45 Feudal Age
18:57 Castle Age
17:08 Double-Bit Axe
19:10 Horse Collar
24:05 Fletching
28:36 Padded Archer Armor
30:19 Bodkin Arrow
32:44 Padded Archer Armor
37:26 Imperial Age
34:46 Town Watch
36:11 Ballistics
36:45 Wheelbarrow
36:41 Gold Mining
38:04 Leather Archer Armor
38:50 Bracer
42:15 Conscription
42:17 Yeomen
43:24 Ring Archer Armor
43:02 Capped Ram
44:02 Caravan
Zuzujj
6:20 Loom
11:08 Feudal Age
16:00 Castle Age
14:48 Horse Collar
14:56 Double-Bit Axe
15:23 Loom
16:45 Wheelbarrow
(Kush)Martinez
1:32 Loom
12:22 Feudal Age
16:29 Castle Age
16:16 Double-Bit Axe
18:53 Wheelbarrow
22:37 Double-Bit Axe
24:57 Forging
24:10 Pikeman
27:31 Town Watch
33:05 Hand Cart
33:28 Iron Casting
32:59 Scale Barding Armor
32:46 Fletching
38:14 Imperial Age
doktoryigitck
0:29 Loom
13:48 Feudal Age
14:24 Double-Bit Axe
14:37 Town Watch
15:08 Gold Mining
15:11 Stone Mining
21:32 Castle Age
23:34 Wheelbarrow
24:04 Bow Saw
24:31 Horse Collar
25:39 Gold Shaft Mining
27:34 Heavy Plow
34:12 Imperial Age
32:46 Husbandry
33:37 Hand Cart
34:01 Town Patrol
34:56 Forging
35:04 Light Cavalry
35:54 Bloodlines
36:43 Bloodlines
35:53 Heavy Hei Guang Cavalry
38:01 Chemistry
37:41 Treadmill Crane
38:59 Hussar
39:02 Elite Skirmisher
41:49 Iron Casting
41:37 Capped Ram
44:16 Capped Ram
Alcatraz
0:27 Loom
12:17 Feudal Age
19:58 Castle Age
18:23 Horse Collar
18:42 Double-Bit Axe
19:36 Gold Mining
20:15 Padded Archer Armor
25:43 Stone Mining
27:30 Crossbowman
29:33 Wheelbarrow
30:08 Yeomen
30:05 Heavy Plow
30:21 Fortified Wall
34:35 Imperial Age
32:24 Leather Archer Armor
32:00 Fletching
33:02 Bow Saw
33:05 Murder Holes
33:57 Gold Shaft Mining
34:39 Hand Cart
34:56 Bodkin Arrow
35:42 Conscription
34:48 Elite Skirmisher
35:39 Arbalester
39:32 Ring Archer Armor
39:13 Forging
39:34 Bracer
39:40 Elite Longbowman
Joaking
1:55 Loom
12:16 Feudal Age
17:17 Castle Age
18:30 Caravan
28:30 Double-Bit Axe
29:30 Horse Collar
34:16 Imperial Age
32:30 Wheelbarrow
31:41 Town Watch
33:09 Bow Saw
34:49 Scale Barding Armor
34:55 Forging
34:35 Elite Mameluke
35:36 Conscription
36:04 Hand Cart
35:50 Town Patrol
37:15 Chemistry
36:36 Ballistics
36:27 Masonry
36:20 Heavy Plow
37:04 Chain Barding Armor
36:35 Fletching
37:50 Coinage
37:00 Capped Ram
42:44 Siege Ram
46:09 Siege Engineers
Cangrejo salvaje
0:59 Loom
12:15 Feudal Age
17:30 Castle Age
15:47 Horse Collar
15:57 Double-Bit Axe
18:22 Wheelbarrow
29:48 Imperial Age
28:44 Bow Saw
28:52 Heavy Plow
31:03 Conscription
30:39 Town Watch
32:02 Two-Man Saw
32:26 Chemistry
33:37 Hand Cart
33:35 Fletching
33:51 Town Patrol
33:58 Houfnice
35:36 Wagenburg Tactics
36:59 Ballistics
39:02 Elite Hussite Wagon
44:13 Caravan
46:46 Siege Engineers
Raposao_SP
3:10 Loom
12:46 Feudal Age
16:41 Castle Age
15:37 Forging
17:35 Husbandry
17:31 Double-Bit Axe
17:59 Town Watch
21:23 Iron Casting
26:26 Wheelbarrow
27:30 Gold Mining
30:49 Gold Shaft Mining
30:28 Bow Saw
31:40 Hand Cart
33:43 Town Patrol
37:50 Imperial Age
37:53 Ballistics
37:58 Onager
40:24 Chemistry
45:19 Conscription
44:22 Pikeman
44:56 Fletching
45:06 Padded Archer Armor
45:23 Caravan
45:53 Coinage
Connection lost

Rejoining the realm…

Still unreachable

The connection could not be restored.

Session expired

The server has moved on; the page needs a fresh start.